Map: [ESL] Ghost River

Players

Kelazhur

  • Race: Terran Terran
  • Spawn Location: 11:00

trigger - Winner!

  • Race: Protoss Protoss
  • Spawn Location: 1:00

Event: ESL SC2 Masters 2024 Spring (Regional)

VOD

Have the link to the VOD?

Description

Time

  • Played on: May 3, 2024, 5:44 p.m.
  • Length: 13:40

All games in this series

Show
View Real Time Build Order
Export as new Build Order

Kelazhur Terran 

Build Orders:  

Get SALT Encoding   

  12  0:00  SCV  
  13  0:12  SCV  
  14  0:17  Supply Depot  
  14  0:24  SCV  
  15  0:38  SCV  
  15  0:40  Barracks  
  15  0:42  Refinery  
  16  0:50  SCV  
  16  0:52  Refinery  
  17  1:02  SCV  
  18  1:14  SCV  
  19  1:27  Orbital Command, Reaper  
  19  1:29  Supply Depot  
  20  1:40  Factory  
  20  1:52  SCV  
  21  1:59  Barracks Reactor  
  21  2:05  SCV  
  22  2:13  Command Center  
  22  2:17  SCV  
  23  2:26  Hellion  
  23  2:29  SCV  
  26  2:34  Supply Depot  
  26  2:36  Reaper x2  
  28  2:41  SCV  
  29  2:48  Hellion  
  29  2:49  Barracks  
  31  3:00  SCV  
  32  3:07  Marine  
  32  3:08  Marine  
  32  3:10  Factory Tech Lab  
  34  3:13  SCV  
  34  3:19  Barracks  
  35  3:25  SCV  
  34  3:34  Marine x2  
  34  3:35  Siege Tank  
  34  3:38  Barracks Tech Lab  
  34  3:39  SCV  
  40  3:50  Orbital Command  
  40  3:53  SCV  
  40  3:55  Marine x2  
  43  4:01  Stimpack, Engineering Bay  
  43  4:05  SCV  
  43  4:07  Barracks Tech Lab  
  43  4:09  Siege Tank  
  47  4:12  Marine  
  47  4:14  Marine  
  49  4:17  SCV  
  49  4:19  SCV  
  51  4:25  Supply Depot  
  51  4:28  Combat Shield  
  51  4:30  SCV  
  52  4:31  Marine  
  52  4:33  SCV  
  52  4:36  Terran Infantry Weapons Level 1  
  54  4:47  SCV x2, Marine x3  
  54  4:48  Supply Depot  
  54  4:52  Marine  
  60  4:57  Supply Depot  
  60  4:59  SCV x2  
  62  5:04  Bunker  
  62  5:05  Marauder  
  62  5:11  SCV x2, Marauder, Marine x2  
  66  5:14  Siege Tank  
  68  5:23  SCV  
  68  5:26  SCV  
  68  5:28  Bunker  
  64  5:32  Marauder, Marine x2  
  65  5:35  SCV  
  65  5:37  Marauder  
  65  5:38  SCV  
  68  5:46  Siege Tank  
  68  5:47  SCV  
  71  5:50  SCV  
  71  5:53  Marine x3  
  71  5:56  Refinery  
  75  5:57  Refinery  
  75  5:59  SCV  
  75  6:02  SCV  
  77  6:06  Supply Depot  
  77  6:07  Supply Depot, Marine  
  78  6:17  Marine  
  78  6:18  Marine  
  78  6:24  Marine  
  70  6:27  Marine  
  70  6:28  Siege Tank  
  60  6:33  SCV  
  60  6:35  SCV, Marine  
  60  6:36  Marine  
  60  6:41  Marine  
  60  6:44  Marine  
  60  6:45  SCV  
  61  6:47  SCV  
  61  6:53  Marine x2  
  63  6:57  SCV  
  63  6:59  SCV, Marine  
  66  7:02  Marine  
  66  7:03  Starport  
  70  7:09  SCV  
  70  7:10  Marine  
  70  7:11  SCV  
  70  7:17  Factory Reactor  
  70  7:21  SCV  
  70  7:22  Marine  
  72  7:23  SCV, Marine  
  72  7:27  Terran Infantry Armor Level 1  
  74  7:30  Supply Depot  
  74  7:31  Marauder  
  74  7:33  SCV  
  74  7:36  SCV  
  78  7:44  Marine  
  78  7:45  SCV  
  78  7:49  Medivac x2, Command Center  
  78  7:50  Marine  
  85  7:52  SCV, Marine  
  85  7:56  Widow Mine x2  
  85  7:58  SCV  
  92  7:59  Concussive Shells  
  92  8:02  Supply Depot, Marine  
  92  8:04  SCV  
  94  8:09  Marine  
  94  8:10  SCV, Marauder  
  98  8:14  Supply Depot  
  98  8:16  SCV  
  98  8:19  Marine  
  99  8:21  Medivac, Barracks x2  
  102  8:29  SCV  
  102  8:31  Marine  
  102  8:33  Medivac  
  104  8:35  SCV  
  104  8:37  Marine x2  
  104  8:41  SCV, Factory Reactor  
  107  8:49  Barracks Tech Lab, Marine  
  107  8:50  SCV  
  107  8:51  Medivac  
  107  8:53  Armory  
  109  9:00  Marine x2  
  109  9:01  SCV  
  113  9:02  SCV  
  113  9:03  Medivac  
  113  9:09  Marauder x2  
  117  9:11  Barracks Tech Lab  
  117  9:13  SCV  
  117  9:15  SCV  
  119  9:22  Marine x2  
  121  9:25  SCV, Barracks Reactor  
  121  9:27  Orbital Command  
  121  9:29  SCV  
  121  9:30  Marauder x2  
  121  9:31  Marauder  
  128  9:34  Supply Depot  
  128  9:39  Supply Depot  
  128  9:41  Terran Infantry Weapons Level 2  
  128  9:44  Widow Mine  
  130  9:47  Widow Mine  
  130  9:49  Marine  
  133  9:55  Marauder, Marine  
  133  9:56  SCV, Marauder  
  133  9:57  SCV  
  133  9:59  SCV  
  141  10:06  Widow Mine  
  143  10:08  SCV, Widow Mine, Supply Depot  
  143  10:10  Supply Depot  
  143  10:13  Viking  
  148  10:15  Marine  
  149  10:25  Supply Depot  
  149  10:30  Widow Mine, Marauder x3  
  149  10:31  Marine x2, Missile Turret  
  149  10:32  Widow Mine  
  149  10:34  Viking  
  163  10:42  Supply Depot  
  163  10:51  Refinery x2, Marauder x2, Marine x4  
  163  10:55  Ghost Academy  
  170  11:01  Marauder  
  166  11:10  Viking  
  166  11:11  Viking  
  164  11:13  Marauder  
  164  11:16  Marine x2  
  168  11:21  Marauder, Marine x2  
  172  11:27  Supply Depot, Command Center  
  172  11:32  Missile Turret  
  172  11:40  Viking  
  172  11:41  Viking  
  172  11:42  Marauder  
  172  11:45  SCV, Marauder, Marine  
  177  11:49  Marauder  
  173  11:55  Marine  
  173  11:59  Missile Turret x2  
  171  12:08  Marauder  
  169  12:16  Marauder  
  169  12:18  SCV x2, Marauder  
  169  12:22  Marine x4  
  178  12:23  SCV  
  176  12:30  SCV x2  
  176  12:39  Marauder  
  176  12:40  SCV  
  161  12:52  Marine x2  
  161  12:53  Marauder, Marine  
  161  12:54  SCV  
  158  13:02  Viking  
  159  13:07  Viking  
  159  13:11  Marine x2  
  144  13:21  Marine x2  
  144  13:22  Marine  
  146  13:28  SCV x3  
Show
View Real Time Build Order
Export as new Build Order

trigger Protoss - Winner!

Build Orders: 1 Gate Expand, Blink Stalkers 

Get SALT Encoding   

  12  0:00  Probe  
  13  0:12  Probe  
  14  0:17  Pylon  
  14  0:24  Probe (Chrono Boost)  
  16  0:37  Probe (Chrono Boost), Gateway  
  16  0:42  Probe (Chrono Boost)  
  16  0:46  Assimilator  
  17  0:51  Probe  
  18  1:03  Probe  
  19  1:15  Probe  
  20  1:24  Cybernetics Core  
  20  1:25  Cybernetics Core  
  20  1:33  Nexus  
  20  1:40  Pylon  
  20  1:45  Assimilator  
  20  1:48  Probe  
  21  1:58  Stalker (Chrono Boost)  
  21  2:00  Probe  
  22  2:02  Warp Gate  
  24  2:12  Probe  
  25  2:22  Stalker  
  27  2:24  Probe (Chrono Boost)  
  28  2:33  Twilight Council  
  28  2:36  Probe (Chrono Boost)  
  29  2:41  Probe (Chrono Boost)  
  30  2:45  Probe (Chrono Boost)  
  32  2:51  Stalker  
  32  2:56  Probe (Chrono Boost)  
  32  2:57  Probe (Chrono Boost)  
  35  3:02  Probe (Chrono Boost)  
  35  3:03  Probe (Chrono Boost)  
  35  3:05  Gateway  
  37  3:07  Blink (Chrono Boost)  
  38  3:12  Probe  
  38  3:14  Probe  
  39  3:24  Pylon  
  39  3:25  Probe  
  39  3:27  Probe  
  38  3:37  Robotics Facility, Probe  
  38  3:39  Probe  
  40  3:45  Gateway  
  40  3:46  Gateway  
  40  3:49  Probe  
  41  3:56  Stalker  
  41  3:58  Probe  
  41  3:59  Stalker  
  41  4:01  Assimilator  
  46  4:04  Probe  
  46  4:06  Pylon  
  47  4:10  Probe  
  48  4:18  Probe  
  48  4:22  Warp Prism (Chrono Boost)  
  48  4:23  Stalker x2  
  55  4:33  Pylon  
  55  4:39  Stalker x2  
  59  4:46  Stalker  
  59  4:48  Observer  
  59  4:51  Stalker  
  64  4:55  Pylon  
  64  5:00  Pylon  
  64  5:11  Stalker x3  
  69  5:26  Stalker  
  69  5:47  Probe x2  
  69  5:50  Stalker x4  
  69  5:53  Nexus  
  77  5:59  Probe  
  77  6:01  Charge (Chrono Boost)  
  77  6:04  Gateway  
  77  6:05  Gateway  
  77  6:09  Probe  
  78  6:13  Zealot  
  78  6:14  Zealot x3  
  74  6:34  Stalker x3  
  72  6:43  Probe x2  
  74  6:54  Stalker  
  74  6:55  Probe (Chrono Boost)  
  74  6:58  Pylon, Zealot  
  74  6:59  Zealot x3  
  83  7:02  Probe (Chrono Boost)  
  83  7:03  Observer  
  83  7:07  Probe (Chrono Boost)  
  86  7:11  Gateway  
  86  7:12  Probe (Chrono Boost)  
  85  7:16  Probe (Chrono Boost)  
  85  7:22  Sentry x2, Immortal (Chrono Boost)  
  80  7:27  Probe x2 (Chrono Boost)  
  80  7:29  Probe (Chrono Boost)  
  87  7:30  Zealot x4  
  98  7:45  Pylon, Probe x2 (Chrono Boost)  
  98  7:47  Probe (Chrono Boost)  
  98  7:51  Probe (Chrono Boost)  
  99  7:52  Zealot, Stalker x3  
  99  7:53  Zealot  
  109  7:58  Robotics Bay  
  109  8:02  Shield Battery  
  109  8:04  Pylon  
  109  8:07  Zealot x2  
  109  8:10  Pylon  
  113  8:14  Probe  
  113  8:16  Assimilator, Probe  
  116  8:24  Zealot x4  
  116  8:26  Pylon  
  123  8:27  Pylon  
  123  8:32  Zealot x3  
  127  8:42  Colossus (Chrono Boost)  
  131  8:48  Zealot x4  
  131  8:54  Zealot x3  
  143  8:55  Observer  
  143  8:56  Phoenix  
  143  9:13  Nexus  
  143  9:14  Pylon  
  139  9:24  Pylon, Extended Thermal Lance (Chrono Boost), Probe, Colossus (Chrono Boost)  
  138  9:26  Forge  
  138  9:27  Forge  
  138  9:30  Probe x2  
  141  9:37  Probe  
  142  9:46  Probe  
  142  9:49  Probe  
  142  9:52  Pylon  
  144  9:54  Shield Battery, Probe  
  144  9:55  Robotics Facility  
  144  9:56  Dark Shrine  
  144  9:58  Probe  
  146  10:01  Protoss Ground Armor Level 1 (Chrono Boost), Protoss Ground Weapons Level 1 (Chrono Boost)  
  146  10:06  Probe  
  145  10:14  Observer (Chrono Boost), Probe  
  145  10:17  Photon Cannon  
  145  10:20  Probe  
  148  10:24  Gateway  
  148  10:27  Gateway  
  148  10:30  Disruptor (Chrono Boost), Probe  
  148  10:33  Assimilator  
  153  10:36  Assimilator  
  153  10:39  Photon Cannon, Probe  
  153  10:42  Zealot x6  
  164  10:45  Disruptor (Chrono Boost)  
  166  10:57  Disruptor (Chrono Boost)  
  156  11:12  Dark Templar x2  
  156  11:15  Dark Templar  
  162  11:23  Photon Cannon  
  166  11:27  Disruptor (Chrono Boost), Gateway  
  166  11:29  Observer (Chrono Boost)  
  166  11:30  Gateway  
  167  11:33  Nexus  
  167  11:39  Shield Battery  
  167  11:41  Pylon  
  167  11:42  Disruptor (Chrono Boost)  
  167  11:58  Zealot x2  
  167  11:59  Zealot x7, Disruptor (Chrono Boost)  
  187  12:08  Pylon  
  187  12:13  Warp Prism (Chrono Boost)  
  177  12:32  Zealot x7  
  177  12:33  Zealot x4, Observer (Chrono Boost)  
  200  12:49  Disruptor  
  194  12:53  Dark Templar  
  194  12:54  Zealot x2  
  182  13:08  Gateway  
  182  13:09  Gateway  
  182  13:12  Gateway  
  182  13:13  Shield Battery  
  182  13:15  Photon Cannon  
  182  13:16  Photon Cannon, Probe x5  
  182  13:18  Photon Cannon  
  187  13:20  Pylon  
  185  13:28  Zealot x4, Probe  
  185  13:29  Zealot x4  
Tags
 
Add a new tag
Caveats
  • Supply blocks, unpowered buildings, or Contaminate may cause inaccurate times.
  • Supply counts are checked every 10 seconds.